 Dungeon Crawl Stone Soup version 0.30-a0-800-g7c544603b3 (webtiles) character file.

Game seed: 12641219628538107806

5250 Iich the Severer (level 10, -2/96 HPs)
             Began as a Hill Orc Fighter on Feb 22, 2023.
             Was an Initiate of Gozag.
             Killed from afar by Maggie (23 damage)
             ... with a bolt of acid
             ... on level 9 of the Dungeon.
             The game lasted 00:10:09 (6912 turns).

Iich the Severer (Hill Orc Fighter)                 Turns: 6912, Time: 00:10:09

Health: -2/96      AC: 12    Str: 26    XL:     10   Next: 62%
Magic:  10/10      EV: 10    Int:  8    God:    Gozag
Gold:   613        SH:  5    Dex: 14    Spells: 9/9 levels left

rFire   + . .      SeeInvis +    a - +1 war axe (venom)
rCold   . . .      Faith    .    c - +0 buckler
rNeg    . . .      Spirit   .    u - +0 ring mail "Nuanoc" {Str+6 SInv}
rPois   +          Reflect  .    q - +2 helmet
rElec   .          Harm     .    (no cloak)
rCorr   .          Rampage  .    t - +2 pair of gloves
Will    +....                    (no boots)
Stlth   +                        (no amulet)
HPRegen 0.36/turn                x - ring of willpower
MPRegen 0.12/turn                r - ring "Ali Loc" {rPois rF+}

@: no status effects
A: hooves 2
a: Renounce Religion, Potion Petition, Call Merchant, Bribe Branch


You were on level 9 of the Dungeon.
You worshipped Gozag.
Gozag was pleased with you.
You visited 2 branches of the dungeon, and saw 10 of its levels.

You collected 1039 gold pieces.
You paid 426 gold pieces to Gozag.

Inventory:

Hand Weapons
 a - a +1 war axe of venom (weapon)
Armour
 b - a +0 scale mail
 c - a +0 buckler (worn)
 q - a +2 helmet (worn)
 t - a +2 pair of gloves (worn)
 u - the +0 ring mail "Nuanoc" (worn) {Str+6 SInv}
   (You found it on level 4 of the Dungeon)

   Str:       It affects your strength (+6).
   SInv:      It lets you see invisible.
Jewellery
 g - a ring of wizardry
 r - the ring "Ali Loc" (right hand) {rPois rF+}
   (You found it on level 3 of the Dungeon)

   [ring of protection from fire]

   rF:        It protects you from fire.
   rPois:     It protects you from poison.
 s - a ring of wizardry
 x - a ring of willpower (left hand)
 D - a +6 ring of intelligence
 I - a ring of wizardry
 J - a ring of see invisible
 K - a ring of protection from fire
Wands
 y - a wand of mindburst (34)
 C - a wand of digging (6)
 F - a wand of roots (20)
Scrolls
 e - a scroll of torment
 f - a scroll of amnesia
 h - a scroll of brand weapon
 j - a scroll of blinking
 k - a scroll of noise
 m - a scroll of enchant weapon
 p - 2 scrolls of teleportation
 E - a scroll of magic mapping
 G - a scroll of fear {unknown}
 H - a scroll of butterflies {unknown}
Potions
 d - 3 potions of might
 i - 2 potions of flight
 l - a potion of degeneration
 n - 2 potions of heal wounds
 o - 2 potions of curing {unknown}
 v - a potion of attraction
 w - a potion of brilliance {unknown}
 z - a potion of cancellation {unknown}
 A - a potion of berserk rage {unknown}
 B - a potion of mutation


   Skills:
 + Level 11.2 Fighting
 * Level 16.2 Axes
 - Level 3.2 Armour
 - Level 3.2 Shields


You had 9 spell levels left.
You didn't know any spells.
Your spell library contained the following spells:

 Spells                   Type           Power      Damage    Failure   Level
 Magic Dart               Conj           0%         1d3       65%         1
 Cigotuvi's Dreadful Rot  Necr/Pois/Air  0%         N/A       78%         2
 Searing Ray              Conj           0%         2d4       78%         2
 Dispel Undead            Necr           0%         3d6       100%        4
 Fulminant Prism          Conj/Hex       0%         3d5       100%        4
 Freezing Cloud           Conj/Ice/Air   0%         6-21      100%        5
 Death Channel            Necr           0%         N/A       100%        6
 Polar Vortex             Ice            0%         N/A       100%        9
 Simulacrum               Ice/Necr       Unusable   N/A       N/A         6

Dungeon Overview and Level Annotations

Branches:
Dungeon (9/15)             Temple (1/1) D:5
   Lair: D:8-11         Orc: D:9-12

Altars:
Ashenzari
Dithmenos
Gozag
Makhleb
Nemelex Xobeh
Ru
Sif Muna
Trog
Uskayaw
Vehumet
Zin
The Shining One

Portals:
Bailey: D:9

Annotations:
D:5 2 transporters, NotreDorf's ghost, amateur MfGl
D:9 Maggie


Innate Abilities, Weirdness & Mutations

You have hoof-like feet.


Message History

The troll bites you but does no damage. The troll barely misses you.
The troll claws you but does no damage.
You slash the troll!
You kill the troll!
Maggie the Vainglorious comes into view.
She is wielding a +1 long sword of flaming and carrying a wand of acid (3).
Things that are here:
5 gold pieces; a +0 dagger; 5 poisoned darts A kobold comes into view.
It is wielding a +0 dagger.
Maggie shouts!
The kobold shouts!
The kobold throws a stone.
The stone hits you but does no damage.
You see here 22 gold pieces.
There is a stone staircase leading up here.
Maggie points at you and mumbles some strange words.
The bolt of fire hits you! You resist.
* * * LOW HITPOINT WARNING * * *
Maggie points at you and mumbles some strange words.
The bolt of fire hits you. You resist.
* * * LOW HITPOINT WARNING * * *
You slash Maggie!
Maggie is poisoned.
Maggie is lightly wounded.
Maggie hits you with a +1 long sword of flaming.
* * * LOW HITPOINT WARNING * * *
Maggie burns you.
* * * LOW HITPOINT WARNING * * *
You barely miss Maggie. You kick Maggie.
Maggie is lightly wounded.
The kobold throws a stone.
The stone closely misses you.
Maggie zaps a wand.
The bolt of acid hits you!
* * * LOW HITPOINT WARNING * * *
You closely miss Maggie. You kick Maggie.
Maggie is moderately wounded.
Maggie gestures wildly while chanting.
Maggie attempts to bespell you! You resist with almost no effort.
Aiming: Mindburst
Press: ? - help, Q - select action, (/) - cycle Shift-Dir - straight line, f - Maggie
Aim: Maggie, wielding a +1 long sword of flaming, wearing +0 acid dragon scales and carrying a wand of acid (2) (moderately wounded, very poisoned, chance to affect: 64%) Maggie struggles to resist.
Maggie zaps a wand.
The bolt of acid hits you!!
You die...
Your body crumbles into a pile of gold.

#..)..## #.)∩)...K
### ####..)..#. $
...##.........
............#
.........$.K#
............###.#
.......$$<.@@...#
......$$.$..##....#
......$$$..........
................. .
..................
...##.......>.....
### ######........
#........ ......


You could see Maggie (very poisoned) and a kobold.

Vanquished Creatures
  Pikel (D:8)
  A troll (D:9)
  Grinder (D:5)
  A wyvern (D:9)
  2 steam dragons (D:8)
  2 vampire mosquitoes (D:9)
  3 water moccasins
  An orc warrior (D:8)
  2 black bears
  2 ogres
  2 centaurs (D:5)
  2 lemures (D:8)
  3 kobold brigands
  3 bullfrogs
  A necrophage (D:5)
  3 scorpions
  15 wights (D:8)
  7 killer bees
  2 howler monkeys (D:9)
  3 hounds (D:5)
  A jelly (D:4)
  2 orc priests
  2 gnoll boudas
  3 iguanas
  14 orc wizards
  Robin (D:3)
  4 adders
  15 gnolls
  A shadow imp (D:7)
  A white imp (D:7)
  5 ufetubi
  A worm (D:4)
  A dart slug (D:2)
  29 orcs
  5 ball pythons
  6 bats
  8 endoplasms
  2 giant cockroaches
  19 goblins
  5 hobgoblins
  8 jackals
  4 quokkas
  6 frilled lizards
  23 kobolds
  10 rats
  A butterfly (D:5)
234 creatures vanquished.

Notes
Turn   | Place    | Note
-------+----------+-------------------------------------------
     0 | D:1      | Iich the Hill Orc Fighter began the quest for the Orb.
     0 | D:1      | Reached XP level 1. HP: 19/19 MP: 1/1
   117 | D:1      | Reached skill level 3 in Axes
   145 | D:1      | Reached XP level 2. HP: 27/27 MP: 2/2
   370 | D:1      | Reached skill level 4 in Axes
   377 | D:1      | Reached XP level 3. HP: 33/33 MP: 3/3
  1003 | D:2      | Reached XP level 4. HP: 39/41 MP: 4/4
  1041 | D:2      | Reached skill level 5 in Axes
  1098 | D:2      | Found a bloodstained altar of Trog.
  1534 | D:3      | Noticed Robin
  1543 | D:3      | Killed Robin
  1544 | D:3      | Reached XP level 5. HP: 40/47 MP: 5/5
  1703 | D:3      | Found a glowing silver altar of Zin.
  1747 | D:3      | Found a sacrificial altar of Ru.
  1905 | D:3      | Identified the +6 quarterstaff of the Summoning Asp
                  | {protect, Drain rF+++ rC++ Int+3}
  2047 | D:3      | Found a hide-covered altar of Uskayaw.
  2169 | D:3      | Found a burning altar of Makhleb.
  2346 | D:3      | Identified the ring "Ali Loc" {rPois rF+}
  2412 | D:4      | Reached skill level 6 in Axes
  2420 | D:4      | Reached skill level 5 in Fighting
  2520 | D:4      | Identified the +0 ring mail "Nuanoc" {Str+6 SInv}
  2579 | D:4      | Noticed an ogre
  2588 | D:4      | Killed an ogre
  2589 | D:4      | Reached skill level 7 in Axes
  2589 | D:4      | Reached XP level 6. HP: 5/56 MP: 6/6
  3172 | D:4      | Found a sparkling altar of Nemelex Xobeh.
  3249 | D:5      | Entered Level 5 of the Dungeon
  3285 | D:5      | Reached skill level 8 in Axes
  3285 | D:5      | Reached XP level 7. HP: 60/63 MP: 7/7
  3295 | D:5      | Noticed Grinder
  3300 | D:5      | Paralysed by Grinder for 4 turns
  3308 | D:5      | Paralysed by Grinder for 2 turns
  3311 | D:5      | Killed Grinder
  3312 | D:5      | Reached skill level 9 in Axes
  3318 | D:5      | Found a transporter.
  3600 | D:5      | Reached XP level 8. HP: 73/73 MP: 8/8
  3642 | D:5      | Reached skill level 10 in Axes
  3733 | D:5      | Found a staircase to the Ecumenical Temple.
  3778 | Temple   | Entered the Ecumenical Temple
  3786 | Temple   | Became a worshipper of Gozag Ym Sagoz the Greedy
  3803 | D:5      | Noticed NotreDorf's ghost (amateur MfGl)
  3813 | D:5      | Found a transporter.
  3976 | D:5      | Reached skill level 11 in Axes
  4545 | D:6      | Found a bloodstained altar of Trog.
  4635 | D:6      | Found a shimmering blue altar of Sif Muna.
  4724 | D:6      | Reached skill level 12 in Axes
  4729 | D:6      | Reached XP level 9. HP: 60/82 MP: 9/9
  5002 | D:7      | Reached skill level 13 in Axes
  5642 | D:7      | Found a broken altar of Ashenzari.
  5890 | D:8      | Reached skill level 14 in Axes
  5906 | D:8      | Reached skill level 10 in Fighting
  6182 | D:8      | Reached XP level 10. HP: 68/87 MP: 10/10
  6328 | D:8      | Noticed Pikel
  6341 | D:8      | Killed Pikel
  6342 | D:8      | Reached skill level 15 in Axes
  6696 | D:8      | Gained mutation: You have large cloven feet. [potion of
                  | mutation]
  6696 | D:8      | Gained mutation: You have hoof-like feet. [potion of
                  | mutation]
  6753 | D:8      | Found a shadowy altar of Dithmenos.
  6878 | D:9      | Found a flagged portal.
  6889 | D:9      | Reached skill level 16 in Axes
  6904 | D:9      | Noticed Maggie
  6912 | D:9      | Killed from afar by Maggie

Illustrated notes

Levels and vault maps discovered:
D:1:      tekkud_arrival_beachfront_property, layout_loops_ring
D:2:      layout_basic, basic_altar, serial_glass, glass_columns_b,
          glass_columns_b, glass_columns_b, glass_columns_a, dk_vineyard_3
D:3:      layout_basic, old_standard_altar, nicolae_uskayaw_suspiria,
          nicolae_overflow_hidden_temple, mainiacjoe_overflow_brackets,
          mrwooster_statue_mirror, uniq_robin
D:4:      layout_cave_pools, old_standard_altar
D:5:      layout_rooms, minmay_temple_entry_butterflies, gammafunk_ghost_arena,
          nrook_mini_vaults, st_stairs_12, kennysheep_generic_room_5,
          uniq_grinder
D:6:      layout_gridville, led_sif_pool, general_overflow_altar
D:7:      layout_cave_pools, kennysheep_mini, chequers_serial_rivers_room_a
D:8:      layout_basic, lemuel_coloured_pillars_altar, serial_glass,
          glass_columns_b, glass_columns_c, due_unseen_surprise,
          minmay_strange_pillars, kennysheep_generic_room_2, uniq_pikel
D:9:      layout_rooms, led_xom_imps, enter_bailey_2, uniq_maggie
Temple:   eino_wide_crystal_templ

Skill      XL: |  1  2  3  4  5  6  7  8  9 10 |
---------------+-------------------------------+-----
Axes           | 3 4 5 7 8 9 12 14 16 | 16.2
Fighting       | 4 5 6 7 8 10 11 | 11.2
Armour         | |  3.2
Shields        | |  3.2

Action                     |  1- 3 |  4- 6 |  7- 9 | 10-12 || total
---------------------------+-------+-------+-------+-------++-------
  Melee: War axe           |   102 |   144 |   226 |    74 ||   546
         Kick              |       |       |       |    11 ||    11
 Invoke: Potion Petition   |       |       |     1 |       ||     1
  Evoke: Wand              |       |       |       |     1 ||     1
    Use: Scroll            |       |     4 |     6 |     2 ||    12
         Potion            |       |     1 |     1 |     2 ||     4
   Stab: Distracted        |       |       |     2 |     1 ||     3
 Armour: Scale mail        |    55 |    61 |       |       ||   116
         Ring mail         |       |    10 |    93 |    26 ||   129
         Skin              |       |       |     7 |       ||     7
  Dodge: Dodged            |    51 |    72 |   115 |    25 ||   263
  Block: Buckler           |    22 |    31 |    46 |    18 ||   117

Table legend: (Time is in decaauts)
 A = Elapsed time spent in this place.
 B = Non-inter-level travel time spent in this place.
 C = Inter-level travel time spent in this place.
 D = Time resting spent in this place.
 E = Time spent auto-exploring this place.
 F = Levels seen in this place.
 G = Mean time per level.
                   A        B        C        D        E       F      G
               +--------+--------+--------+--------+--------+-----+--------+
         Total |   6961 |   6732 |    229 |    511 |   4982 |  10 |  696.1 |
       Dungeon |   6945 |   6716 |    229 |    511 |   4982 |   9 |  771.7 |
        Temple |     16 |     16 |      0 |      0 |      0 |   1 |   16.0 |
               +--------+--------+--------+--------+--------+-----+--------+

Top non-repeatable levels by time:
     D:8: 1165 daAuts
     D:3: 975 daAuts
     D:1: 909 daAuts
     D:4: 857 daAuts
     D:5: 846 daAuts
     D:6: 843 daAuts
     D:7: 733 daAuts
     D:2: 586 daAuts
     D:9: 27 daAuts
  Temple: 16 daAuts
